 Dungeon Crawl Stone Soup version 0.29.0-4-gdea44cf6ec (webtiles) character file.

Game seed: 14875983379757442800

642 qw the Chopper (level 7, 0/43 HPs)
             Began as a Gargoyle Fighter on Sept 9, 2022.
             Engulfed by a steam dragon's steam (11 damage)
             ... on level 4 of the Dungeon.
             The game lasted 00:01:55 (4559 turns).

qw the Chopper (Gargoyle Fighter)                   Turns: 4559, Time: 00:01:56

Health: 0/43       AC: 16    Str: 22    XL:     7   Next: 51%
Magic:  7/7        EV:  8    Int:  8    God:
Gold:   282        SH:  4    Dex:  9    Spells: 6/6 levels left

rFire   . . .      SeeInvis +   Y - +2 war axe
rCold   . . .      Faith    .   c - +0 buckler
rNeg    + . .      Spirit   .   e - +0 chain mail
rPois   inf        Reflect  .   g - +1 helmet {SInv}
rElec   +          Harm     .   (no cloak)
rCorr   .          Rampage  .   (no gloves)
Will    +....                   (no boots)
Stlth   ..........              (no amulet)
HPRegen 0.14/turn               f - ring of willpower
MPRegen 0.10/turn               (no ring)

@: no status effects
A: sickness immunity, AC +4, negative energy resistance 1, electricity
resistance, torment resistance 1, petrification resistance
a: no special abilities


You were on level 4 of the Dungeon.
You visited 1 branch of the dungeon, and saw 4 of its levels.

You collected 282 gold pieces.


Innate Abilities, Weirdness & Mutations

You are immune to sickness and miasma.
Your stone body is resilient. (AC +4)
You are immune to poison.
You resist negative energy. (rN+)
You are resistant to electric shocks. (rElec)
You are resistant to unholy torment.
You are immune to petrification.


   Skills:
 - Level 4.0 Fighting
 + Level 6.2 Axes
 - Level 1.0 Throwing
 - Level 3.2 Armour
 - Level 2.7 Dodging
 - Level 3.2 Shields


You had 6 spell levels left.
You didn't know any spells.
Your spell library was empty.

Inventory:

Hand Weapons
 i - a +0 flail
 Y - a +2 war axe (weapon)
Missiles
 l - a javelin (quivered)
Armour
 c - a +0 buckler (worn)
 e - a +0 chain mail (worn)
 g - a +1 helmet of see invisible (worn)
Jewellery
 f - a ring of willpower (left hand)
Scrolls
 a - 3 scrolls of identify
 k - a scroll of brand weapon {unknown}
Potions
 b - 2 potions of degeneration {unknown}
 d - a potion of might
 h - 2 potions of curing
 j - a potion of heal wounds {unknown}
 m - a potion of attraction {unknown}
 n - a potion of berserk rage {unknown}

Dungeon Overview and Level Annotations

Branches:
Dungeon (4/15)
 Temple: D:4-7

Altars:
Makhleb
Nemelex Xobeh
Zin

Annotations:
D:3 1 runed translucent door, Crazy Yiuf


Message History

An adder comes into view.
The steam dragon bites you but does no damage.
The steam dragon claws you but does no damage.
You slash the steam dragon!
The steam dragon is heavily wounded.
The steam dragon bites you but does no damage.
The steam dragon claws you but does no damage.
You block the steam dragon's attack.
The steam dragon claws you but does no damage.
You hit the steam dragon.
The steam dragon is severely wounded.
The steam dragon breathes steam at you. The ball of steam hits you!
You barely miss the steam dragon.
The steam dragon is severely wounded.
You closely miss the adder.
You are engulfed in a cloud of scalding steam.
The adder bites you but does no damage.
The steam dragon bites you but does no damage.
The steam dragon claws you but does no damage.
The adder bites you but does no damage.
You barely miss the steam dragon.
The steam dragon is severely wounded.
You hit the adder.
You are engulfed in a cloud of scalding steam.
The steam dragon barely misses you.
The steam dragon claws you but does no damage.
You block the adder's attack.
You barely miss the steam dragon.
The steam dragon is severely wounded.
You hit the adder.
You are engulfed in a cloud of scalding steam.
The adder bites you but does no damage.
The steam dragon bites you but does no damage.
The steam dragon barely misses you. The adder bites you.
You slice the adder!!
You kill the adder!
You slash the steam dragon!
You are engulfed in a cloud of scalding steam.
You die...

..................#......+.+.....
................###......#.#.....
..........##....###......+.......
..#.......##.............#.#.....
..+........#.............#.#..###
###########..............#....#
.g'..............###.#### #
+.##.D/........+....... ¤## #
####@........####.... ~¤# ..$
#...............#.... ~~~##..
#.####.....###.##.... #~~~##....#
#.#......<...#.##.### ##~¤¤##...#
#.#.#####..#.#.....#
.##¤~¤##..###'#.# #..........#
..##~¤¤##.#.....# #####......#
(..##¤~¤###.....#########....>.#
....##~¤~##.....#........#.....#


You could see a steam dragon.

Vanquished Creatures
  Grinder (D:4)
  A necrophage (D:4)
  A scorpion (D:2)
  A jelly (D:4)
  An orc priest (D:4)
  Ijyb (D:4)
  An iguana (D:4)
  2 orc wizards (D:4)
  Robin (D:3)
  3 adders
  3 worms (D:3)
  4 dart slugs
  4 orcs (D:4)
  5 ball pythons
  4 bats
  5 endoplasms
  15 giant cockroaches
  20 goblins
  8 hobgoblins
  12 jackals
  7 quokkas
  6 frilled lizards
  17 kobolds
  5 rats
128 creatures vanquished.

Notes
Turn   | Place    | Note
-------+----------+-------------------------------------------
     0 | D:1      | qw the Gargoyle Fighter began the quest for the Orb.
     0 | D:1      | Reached XP level 1. HP: 14/14 MP: 1/1
     0 | D:1      | 0 ||| qw: Version: 0.1-a-113-g051387a
     0 | D:1      | 0 ||| qw: Game counter: 6984
     0 | D:1      | 0 ||| qw: Always use a shield: true
     0 | D:1      | 0 ||| qw: God list: Okawaru
     0 | D:1      | 0 ||| qw: Allow faded altars: false
     0 | D:1      | 0 ||| qw: Do Orc after D:15 true
     0 | D:1      | 0 ||| qw: Do second Lair branch before Depths: true
     0 | D:1      | 0 ||| qw: Lair rune preference: random
     0 | D:1      | 0 ||| qw: Plans: Normal, Zot, God:TSO, Crypt, Tomb, Zig,
                  | Orb
     0 | D:1      | 0 ||| PLANNING D:1-11
    40 | D:1      | Reached skill level 2 in Axes
   281 | D:1      | Reached XP level 2. HP: 19/19 MP: 2/2
   327 | D:1      | 327 ||| Stepping ~*~*~tactically~*~*~ (hiding).
   486 | D:1      | Reached skill level 3 in Axes
   489 | D:1      | Reached XP level 3. HP: 19/23 MP: 3/3
   624 | D:1      | 624 ||| Stepping ~*~*~tactically~*~*~ (stealth).
   626 | D:1      | 626 ||| Stepping ~*~*~tactically~*~*~ (stealth).
   634 | D:1      | 634 ||| Stepping ~*~*~tactically~*~*~ (stealth).
   656 | D:1      | Found a faded altar of an unknown god.
   924 | D:1      | 924 ||| Stepping ~*~*~tactically~*~*~ (hiding).
  1180 | D:1      | 1180 ||| DROPPING +0 club.
  1327 | D:1      | 1327 ||| UPGRADING to +0 chain mail.
  1337 | D:1      | 1337 ||| DROPPING +0 scale mail.
  1338 | D:1      | 1338 ||| UPGRADING to ring of willpower.
  1339 | D:1      | 1339 ||| READING 2 scrolls labelled BUONAI EHAHUI.
  1340 | D:1      | 1340 ||| READING scroll labelled XIEXIJ HOIRI.
  1344 | D:1      | 1344 ||| READING scroll labelled ILICEETWOO.
  1859 | D:2      | Reached XP level 4. HP: 28/28 MP: 4/4
  1950 | D:2      | Noticed a scorpion
  1953 | D:2      | Killed a scorpion
  1954 | D:2      | Reached skill level 4 in Axes
  1954 | D:2      | Reached XP level 5. HP: 32/32 MP: 5/5
  2386 | D:2      | 2386 ||| READING scroll labelled URAJOM BIXA.
  2387 | D:2      | 2387 ||| DRINKING 2 green potions.
  2388 | D:2      | 2388 ||| DROPPING potion of brilliance.
  2434 | D:3      | 2434 ||| Stepping ~*~*~tactically~*~*~ (stealth).
  2442 | D:3      | 2442 ||| Stepping ~*~*~tactically~*~*~ (stealth).
  2456 | D:3      | 2456 ||| Stepping ~*~*~tactically~*~*~ (stealth).
  2457 | D:3      | Noticed Robin
  2458 | D:3      | 2458 ||| Stepping ~*~*~tactically~*~*~ (stealth).
  2493 | D:3      | Killed Robin
  2603 | D:3      | Found a glowing silver altar of Zin.
  2723 | D:3      | 2723 ||| Stepping ~*~*~tactically~*~*~ (stealth).
  2724 | D:3      | 2724 ||| Stepping ~*~*~tactically~*~*~ (stealth).
  2735 | D:3      | Reached skill level 5 in Axes
  2842 | D:3      | Reached skill level 1 in Throwing
  2993 | D:3      | Found a runed translucent door.
  2994 | D:3      | Noticed Crazy Yiuf
  3097 | D:3      | Found a sparkling altar of Nemelex Xobeh.
  3435 | D:3      | 3435 ||| UPGRADING to +1 helmet of see invisible.
  3440 | D:3      | 3440 ||| READING 2 scrolls labelled ESTAH JYECVIAS.
  3441 | D:3      | 3441 ||| READING scroll of enchant weapon.
  3441 | D:3      | 3441 ||| ENCHANTING +1 war axe.
  3442 | D:3      | 3442 ||| READING scroll labelled EMMEIFA QOEZ.
  3443 | D:3      | 3443 ||| READING scroll labelled TUMIMUE KIVA.
  3444 | D:3      | 3444 ||| READING 3 scrolls of identify.
  3444 | D:3      | 3444 ||| IDENTIFYING cyan potion
  3445 | D:3      | 3445 ||| READING 2 scrolls of identify.
  3445 | D:3      | 3445 ||| IDENTIFYING smoky sapphire potion
  3446 | D:3      | 3446 ||| DROPPING potion of ambrosia.
  3501 | D:4      | Noticed Ijyb
  3511 | D:4      | HP: 8/33 [Ijyb/+0 club (4)]
  3516 | D:4      | HP: 6/33 [Ijyb/+0 club (3)]
  3524 | D:4      | HP: 5/33 [Ijyb/+0 club (2)]
  3528 | D:4      | Killed Ijyb
  3529 | D:4      | Reached XP level 6. HP: 7/38 MP: 6/6
  3815 | D:4      | 3815 ||| Stepping ~*~*~tactically~*~*~ (stealth).
  3903 | D:4      | 3903 ||| Stepping ~*~*~tactically~*~*~ (stealth).
  3966 | D:4      | 3966 ||| DROPPING +0 whip.
  4078 | D:4      | Found a burning altar of Makhleb.
  4080 | D:4      | Noticed an Executioner
  4120 | D:4      | Reached skill level 6 in Axes
  4182 | D:4      | Noticed Grinder
  4183 | D:4      | 4183 ||| Stepping ~*~*~tactically~*~*~ (hiding).
  4198 | D:4      | Killed Grinder
  4199 | D:4      | Reached XP level 7. HP: 20/43 MP: 7/7
  4315 | D:4      | 4315 ||| Stepping ~*~*~tactically~*~*~ (stealth).
  4318 | D:4      | 4318 ||| FLEEEEING.
  4319 | D:4      | 4319 ||| FLEEEEING.
  4542 | D:4      | 4542 ||| Stepping ~*~*~tactically~*~*~ (hiding).
  4545 | D:4      | 4545 ||| Stepping ~*~*~tactically~*~*~ (hiding).
  4549 | D:4      | Noticed a steam dragon
  4559 | D:4      | Engulfed by a steam dragon's steam

Levels and vault maps discovered:
D:1:      minmay_arrival_diagonal_passages, layout_basic,
          hellmonk_ecumenical_altar_run_dry
D:2:      layout_basic, minmay_indecisive_spiral
D:3:      minmay_roachtagon, layout_basic, nemelex_diamond_rough_becter,
          mainiacjoe_overflow_24_doors, serial_rivers,
          chequers_serial_rivers_small_a, chequers_serial_rivers_marsh,
          chequers_serial_rivers_micro_c, chequers_serial_rivers_micro_a,
          chequers_serial_rivers_large_a, chequers_serial_rivers_marsh,
          grunt_ministairs_14, uniq_robin, uniq_crazy_yiuf_cottage
D:4:      layout_basic, vehumet_statue, makhleb_altar_promises_db,
          kennysheep_opposing_triangles, uniq_grinder, uniq_ijyb, uniq_sigmund

Skill      XL: |  1  2  3  4  5  6 |
---------------+-------------------+-----
Axes           | 2 3 4 5 6 |  6.2
Throwing       | 1 |  1.0
Fighting       | 4 |  4.0
Dodging        | 2 |  2.7
Armour         | |  3.2
Shields        | |  3.2

Action                   |  1- 3 |  4- 6 |  7- 9 || total
-------------------------+-------+-------+-------++-------
Melee: War axe           |   125 |   164 |    14 ||   303
Throw: Javelin           |       |    32 |     1 ||    33
  Use: Scroll            |     3 |     7 |       ||    10
       Potion            |       |     1 |       ||     1
Armor: Scale mail        |    63 |       |       ||    63
       Chain mail        |    15 |    93 |    16 ||   124
Dodge: Dodged            |    62 |    39 |     5 ||   106
Block: Buckler           |    27 |    22 |     2 ||    51

Table legend:
 A = Non-vault XP
 B = Vault XP
 C = Vault XP percentage of total XP
 D = Non-vault monster count
 E = Vault monster count
 F = Vault count percentage of total count
                 A         B        C        D         E       F
            +---------+---------+-------+---------+---------+-------
      Total |     528 |     403 |  43.3 |      95 |      33 |  25.8
            +---------+---------+-------+---------+---------+-------
        D:1 |      64 |       0 |   0.0 |      36 |       0 |   0.0
        D:2 |     108 |      10 |   8.5 |      18 |       4 |  18.2
        D:3 |      45 |      63 |  58.3 |      17 |      24 |  58.5
        D:4 |     311 |     330 |  51.5 |      24 |       5 |  17.2
            +---------+---------+-------+---------+---------+-------
